EL
ELMIRA PIONEERS @ WATERBURY ROUGH RIDERS
07/22/1982
 
TOP OF THE 1ST
Elmira Pioneers batting - Pitching for Waterbury Rough Riders : RHP Mathew McArow
Pitching: RHP Mathew McArow
Batting: RHB Ken Dowell 0-0: Ball
1-0: Ground out U3 (Groundball, 34, EV 86.3 MPH)
Batting: RHB Ron Stinnett 0-0: Called Strike
0-1: Swinging Strike
0-2: Ball
1-2: Ball
2-2: Fly out, F6 (Flyball, 6MD, EV 89.4 MPH)
Batting: RHB Richard Givens 0-0: Ball
1-0: DOUBLE (Line Drive, 78M, EV 105.0 MPH)
Batting: RHB Greg Keatley 0-0: Called Strike
0-1: Ball
1-1: Foul Ball, location: 2F
1-2: Strikes out swinging
Top of the 1st over - 0 runs, 1 hit, 0 errors, 1 left on base; Elmira 0 - Waterbury 0
BOTTOM OF THE 1ST
Waterbury Rough Riders batting - Pitching for Elmira Pioneers : RHP Dwayne Henry
Pitching: RHP Dwayne Henry
Batting: RHB David Corman 0-0: Swinging Strike
0-1: Called Strike
0-2: Ball
1-2: Fly out, F8 (Flyball, 8RD, EV 86.3 MPH)
Batting: RHB Jack Fimple 0-0: Called Strike
0-1: Foul Ball, location: 2F
0-2: Ball
1-2: Ball
2-2: Fly out, F9 (Flyball, 89M, EV 86.9 MPH)
Batting: RHB Dave Wilder 0-0: Ball
1-0: Ball
2-0: Ball
3-0: Base on Balls
Batting: RHB Billy Beane 0-0: Ball
1-0: Ground out 4-3 (Groundball, 4, EV 87.5 MPH)
Bottom of the 1st over - 0 runs, 0 hits, 0 errors, 1 left on base; Elmira 0 - Waterbury 0
TOP OF THE 2ND
Elmira Pioneers batting - Pitching for Waterbury Rough Riders : RHP Mathew McArow
Batting: RHB Edwin Rodriguez 0-0: Ball
1-0: Ball
2-0: Ball
3-0: Called Strike
3-1: Fly out, F9 (Line Drive, 9D, EV 91.3 MPH)
Batting: SHB Esteban Mendez 0-0: Ball
1-0: Ball
2-0: Foul Ball, location: 2F
2-1: Foul Ball, location: 2F
2-2: Ground out 6-3 (Groundball, 6S, EV 70.0 MPH)
Batting: LHB Juan Flores 0-0: Ball
1-0: Ball
2-0: Ball
3-0: Called Strike
3-1: Base on Balls
Batting: RHB Curtis Cannedy 0-0: Called Strike
0-1: Ball
1-1: Foul Ball, location: 2F
1-2: Ball
2-2: 2-RUN HOME RUN (Line Drive, 78XD, EV 106.9 MPH), Distance : 423 ft
Batting: LHB German Barranca 0-0: Called Strike
0-1: Foul Ball, location: 2F
0-2: Fly out, F8 (Flyball, 78S, EV 93.1 MPH)
Top of the 2nd over - 2 runs, 1 hit, 0 errors, 0 left on base; Elmira 2 - Waterbury 0
BOTTOM OF THE 2ND
Waterbury Rough Riders batting - Pitching for Elmira Pioneers : RHP Dwayne Henry
Batting: RHB Junior Ortiz 0-0: Swinging Strike
0-1: Ball
1-1: Called Strike
1-2: Ball
2-2: Foul Ball, location: 2F
2-2: Fly out, F9 (Flyball, 9D, EV 83.8 MPH)
Batting: RHB Daniel Purpura 0-0: Ball
1-0: Called Strike
1-1: Ball
2-1: Swinging Strike
2-2: Foul Ball, location: 2F
2-2: Strikes out swinging
Batting: LHB Wilson Tucker 0-0: Called Strike
0-1: Ball
1-1: Ground out 5-3 (Groundball, 5, EV 100.6 MPH)
Bottom of the 2nd over - 0 runs, 0 hits, 0 errors, 0 left on base; Elmira 2 - Waterbury 0
TOP OF THE 3RD
Elmira Pioneers batting - Pitching for Waterbury Rough Riders : RHP Mathew McArow
Batting: RHB Ken Dowell 0-0: Called Strike
0-1: Foul Ball, location: 2F
0-2: Ball
1-2: Ball
2-2: Foul Ball, location: 2F
2-2: Ball
3-2: Foul Ball, location: 2F
3-2: SINGLE (Line Drive, 34D, EV 95.6 MPH)
Batting: RHB Ron Stinnett 0-0: Foul Ball, location: 2F
0-1: Swinging Strike
0-2: Strikes out swinging
Batting: RHB Richard Givens 0-0: Ball
Ken Dowell is caught stealing 2nd base 2-4
1-0: Called Strike
1-1: Ball
2-1: Ball
3-1: Ground out 5-3 (Groundball, 56S, EV 85.6 MPH)
Top of the 3rd over - 0 runs, 1 hit, 0 errors, 0 left on base; Elmira 2 - Waterbury 0
BOTTOM OF THE 3RD
Waterbury Rough Riders batting - Pitching for Elmira Pioneers : RHP Dwayne Henry
Batting: RHB Enrique Collado 0-0: Called Strike
0-1: Ball
1-1: DOUBLE (Line Drive, 9LS, EV 101.9 MPH)
Batting: RHB Jose Quiroz 0-0: Ball
1-0: Ball
2-0: Foul Ball, location: 2F
2-1: Swinging Strike
Passed Ball!
Enrique Collado to third
2-2: Strikes out looking
Batting: RHB David Corman 0-0: Ball
1-0: Ball
Wild Pitch!
Enrique Collado scores
2-0: Swinging Strike
2-1: Ball
3-1: Called Strike
3-2: Strikes out swinging
Batting: RHB Jack Fimple 0-0: Called Strike
0-1: Swinging Strike
0-2: Fly out, F7 (Flyball, 78D, EV 102.5 MPH)
Bottom of the 3rd over - 1 run, 1 hit, 0 errors, 0 left on base; Elmira 2 - Waterbury 1
TOP OF THE 4TH
Elmira Pioneers batting - Pitching for Waterbury Rough Riders : RHP Mathew McArow
Batting: RHB Greg Keatley 0-0: Ball
1-0: Ball
2-0: Called Strike
2-1: Foul Ball, location: 2F
2-2: Strikes out looking
Batting: RHB Edwin Rodriguez 0-0: Called Strike
0-1: Called Strike
0-2: Foul Ball, location: 2F
0-2: Reached via error on a dropped throw from 2B, E3 (Groundball, 13, EV 90.0 MPH)
Batting: SHB Esteban Mendez 0-0: Fly out, F8 (Flyball, 89D, EV 103.1 MPH)
Batting: LHB Juan Flores 0-0: Ball
1-0: Ball
2-0: Ground out U3 (Groundball, 3, EV 88.8 MPH)
Top of the 4th over - 0 runs, 0 hits, 1 error, 1 left on base; Elmira 2 - Waterbury 1
BOTTOM OF THE 4TH
Waterbury Rough Riders batting - Pitching for Elmira Pioneers : RHP Dwayne Henry
Batting: RHB Dave Wilder 0-0: Called Strike
0-1: Called Strike
0-2: Strikes out swinging
Batting: RHB Billy Beane 0-0: Swinging Strike
0-1: Foul Ball, location: 2F
0-2: Foul Ball, location: 2F
0-2: Strikes out swinging
Batting: RHB Junior Ortiz 0-0: DOUBLE (Line Drive, 89D, EV 105.6 MPH)
Batting: RHB Daniel Purpura 0-0: Ball
1-0: DOUBLE (Line Drive, 8RD, EV 93.1 MPH)
Junior Ortiz scores
Batting: LHB Wilson Tucker 0-0: Swinging Strike
0-1: Ground out 4-3 (Groundball, 4, EV 106.9 MPH)
Bottom of the 4th over - 1 run, 2 hits, 0 errors, 1 left on base; Elmira 2 - Waterbury 2
TOP OF THE 5TH
Elmira Pioneers batting - Pitching for Waterbury Rough Riders : RHP Mathew McArow
Batting: RHB Curtis Cannedy 0-0: Foul Ball, location: 2F
0-1: Ball
1-1: Called Strike
1-2: Foul Ball, location: 2F
1-2: Ball
2-2: Strikes out swinging
Batting: LHB German Barranca 0-0: Ground out 4-3 (Groundball, 34D, EV 108.8 MPH)
Batting: RHB Ken Dowell 0-0: Ground out 4-3 (Groundball, 4, EV 85.6 MPH)
Top of the 5th over - 0 runs, 0 hits, 0 errors, 0 left on base; Elmira 2 - Waterbury 2
BOTTOM OF THE 5TH
Waterbury Rough Riders batting - Pitching for Elmira Pioneers : RHP Dwayne Henry
Batting: RHB Enrique Collado 0-0: Called Strike
0-1: Called Strike
0-2: Strikes out swinging
Batting: RHB Jose Quiroz 0-0: Called Strike
0-1: Ball
1-1: Called Strike
1-2: SOLO HOME RUN (Line Drive, 89XD, EV 103.8 MPH), Distance : 428 ft
Batting: RHB David Corman 0-0: Ball
1-0: Ball
2-0: Foul Ball, location: 2F
2-1: Swinging Strike
2-2: Ball
3-2: Strikes out swinging
Batting: RHB Jack Fimple 0-0: Called Strike
0-1: Ball
1-1: Called Strike
1-2: Ball
2-2: Foul Ball, location: 2F
2-2: Foul Ball, location: 2F
2-2: Ground out 6-3 (Groundball, 6, EV 103.1 MPH)
Bottom of the 5th over - 1 run, 1 hit, 0 errors, 0 left on base; Elmira 2 - Waterbury 3
TOP OF THE 6TH
Elmira Pioneers batting - Pitching for Waterbury Rough Riders : RHP Mathew McArow
Batting: RHB Ron Stinnett 0-0: Ball
1-0: Ball
2-0: SINGLE (Groundball, 25, EV 64.4 MPH) (infield hit)
Batting: RHB Richard Givens 0-0: Called Strike
0-1: Foul Ball, location: 2F
0-2: Foul Ball, location: 2F
0-2: Ball
1-2: Ball
2-2: Fly out, F9 (Flyball, 9S, EV 81.9 MPH)
Batting: RHB Greg Keatley 0-0: Ball
1-0: Ball
2-0: Ball
3-0: Called Strike
3-1: SINGLE (Groundball, 6MD, EV 96.9 MPH)
Ron Stinnett to second
Batting: RHB Edwin Rodriguez 0-0: Called Strike
0-1: Called Strike
0-2: Strikes out looking
Batting: SHB Esteban Mendez 0-0: Ball
1-0: Ground out 4-3 (Groundball, 4, EV 82.5 MPH)
Top of the 6th over - 0 runs, 2 hits, 0 errors, 2 left on base; Elmira 2 - Waterbury 3
BOTTOM OF THE 6TH
Waterbury Rough Riders batting - Pitching for Elmira Pioneers : RHP Dwayne Henry
Batting: RHB Dave Wilder 0-0: Called Strike
0-1: Called Strike
0-2: Ball
1-2: Ball
2-2: Ball
3-2: Strikes out looking
Batting: RHB Billy Beane 0-0: Swinging Strike
0-1: Ball
1-1: Ground out 2-3 (Groundball, 2R, EV 76.3 MPH)
Batting: RHB Junior Ortiz 0-0: Called Strike
0-1: Called Strike
0-2: Ball
1-2: Ball
2-2: Ball
3-2: Ground out 6-3 (Groundball, 6, EV 84.4 MPH)
Bottom of the 6th over - 0 runs, 0 hits, 0 errors, 0 left on base; Elmira 2 - Waterbury 3
TOP OF THE 7TH
Elmira Pioneers batting - Pitching for Waterbury Rough Riders : RHP Mathew McArow
Batting: LHB Juan Flores 0-0: Ball
1-0: Called Strike
1-1: Swinging Strike
1-2: Ground out 4-3 (Groundball, 4, EV 93.1 MPH)
Batting: RHB Curtis Cannedy 0-0: Called Strike
0-1: Ball
1-1: Foul Ball, location: 2F
1-2: Fly out, F9 (Flyball, 9S, EV 84.4 MPH)
Batting: LHB German Barranca 0-0: Swinging Strike
0-1: Ball
1-1: Fly out, F7 (Line Drive, 7D, EV 100.0 MPH)
Top of the 7th over - 0 runs, 0 hits, 0 errors, 0 left on base; Elmira 2 - Waterbury 3
BOTTOM OF THE 7TH
Waterbury Rough Riders batting - Pitching for Elmira Pioneers : RHP Dwayne Henry
Batting: RHB Daniel Purpura 0-0: Ball
1-0: SINGLE (Groundball, 6D, EV 95.6 MPH)
Batting: LHB Wilson Tucker 0-0: Ball
1-0: Sac Bunt to 23 - play at first, batter OUT! 3-4
Daniel Purpura to second
Batting: RHB Enrique Collado 0-0: Ball
1-0: Called Strike
1-1: Ball
2-1: Ground out 4-3 (Groundball, 4, EV 106.3 MPH)
Daniel Purpura to third
Batting: RHB Jose Quiroz 0-0: Ground out 5-3 (Groundball, 5L, EV 106.3 MPH)
Bottom of the 7th over - 0 runs, 1 hit, 0 errors, 1 left on base; Elmira 2 - Waterbury 3
TOP OF THE 8TH
Elmira Pioneers batting - Pitching for Waterbury Rough Riders : RHP Mathew McArow
Batting: RHB Ken Dowell 0-0: Ball
1-0: Called Strike
1-1: Ball
2-1: Swinging Strike
2-2: Foul Ball, location: 2F
2-2: Ball
3-2: Base on Balls
Batting: LHB Neil Fiala 0-0: Bunted foul
0-1: Bunted foul
0-2: Ball
1-2: Ball
2-2: Ball
3-2: Base on Balls
Ken Dowell to second
Batting: RHB Richard Givens 0-0: Called Strike
0-1: Ball
1-1: Ball
2-1: Ball
3-1: Base on Balls
Ken Dowell to third
Neil Fiala to second
Batting: RHB Greg Keatley 0-0: Called Strike
0-1: Ball
1-1: Foul Ball, location: 2F
1-2: Ball
2-2: Strikes out swinging
Batting: RHB Edwin Rodriguez 0-0: Called Strike
0-1: Ball
1-1: Ball
2-1: Ball
3-1: Base on Balls
Ken Dowell scores
Neil Fiala to third
Richard Givens to second
Batting: SHB Esteban Mendez 0-0: Ball
1-0: Foul Ball, location: 2F
1-1: SINGLE (Line Drive, 8RS, EV 89.4 MPH)
Neil Fiala scores
Richard Givens to third
Edwin Rodriguez to second
Runner from 3rd tries for Home, SAFE, throw by CF to home
Pitching: RHP Arcadio Cruz
Batting: LHB Juan Flores 0-0: Ball
1-0: Ball
2-0: Ball
3-0: Called Strike
3-1: Base on Balls
Edwin Rodriguez to third
Esteban Mendez to second
Batting: RHB Curtis Cannedy 0-0: Swinging Strike
0-1: Ball
1-1: Foul Ball, location: 2F
1-2: Foul Ball, location: 2F
1-2: Foul Ball, location: 2F
1-2: Foul Ball, location: 2F
1-2: Grounds into double play, 3-2-3 (Groundball, 34S, EV 80.6 MPH)
Top of the 8th over - 3 runs, 1 hit, 0 errors, 2 left on base; Elmira 5 - Waterbury 3
BOTTOM OF THE 8TH
Waterbury Rough Riders batting - Pitching for Elmira Pioneers : RHP Dwayne Henry
Batting: RHB David Corman 0-0: Called Strike
0-1: Ball
1-1: Ball
2-1: Foul Ball, location: 2F
2-2: Foul Ball, location: 2F
2-2: Ball
3-2: Base on Balls
Batting: RHB Jack Fimple 0-0: Called Strike
0-1: Swinging Strike
0-2: Fly out, F8 (Flyball, 89M, EV 93.8 MPH)
Batting: RHB Dave Wilder 0-0: Swinging Strike
0-1: Swinging Strike
0-2: Strikes out swinging
Batting: RHB Billy Beane 0-0: Called Strike
0-1: Ball
Wild Pitch!
David Corman to second
1-1: Foul Ball, location: 2F
1-2: Ball
2-2: Foul Ball, location: 2F
2-2: Strikes out swinging
Bottom of the 8th over - 0 runs, 0 hits, 0 errors, 1 left on base; Elmira 5 - Waterbury 3
TOP OF THE 9TH
Elmira Pioneers batting - Pitching for Waterbury Rough Riders : RHP Arcadio Cruz
Batting: LHB German Barranca 0-0: Ball
1-0: Foul Ball, location: 2F
1-1: Ball
2-1: Fly out, F9 (Flyball, 9, EV 82.5 MPH)
Batting: RHB Ken Dowell 0-0: Called Strike
0-1: Foul Ball, location: 2F
0-2: Ball
1-2: Strikes out swinging
Batting: LHB Neil Fiala 0-0: Ground out 4-3 (Groundball, 4, EV 81.9 MPH)
Top of the 9th over - 0 runs, 0 hits, 0 errors, 0 left on base; Elmira 5 - Waterbury 3
BOTTOM OF THE 9TH
Waterbury Rough Riders batting - Pitching for Elmira Pioneers : RHP Dwayne Henry
Pitching: RHP Alejandro Gallardo
Batting: RHB Junior Ortiz 0-0: Called Strike
0-1: Ball
1-1: Swinging Strike
1-2: Ground out 6-3 (Groundball, 6, EV 91.9 MPH)
Batting: RHB Daniel Purpura 0-0: Called Strike
0-1: Ball
1-1: Ball
2-1: Ball
3-1: Swinging Strike
3-2: Base on Balls
Batting: LHB Wilson Tucker 0-0: Called Strike
0-1: Fielders Choice at 2nd, 4-6 (Groundball, 34, EV 87.5 MPH)
Pinch Hitting: LHB David Blume 0-0: Ball
1-0: Ball
2-0: Ball
3-0: Called Strike
3-1: Base on Balls
Wilson Tucker to second
Batting: RHB Jose Quiroz 0-0: Foul Ball, location: 2F
0-1: Ground out 1-3 (Groundball, 13S, EV 68.8 MPH)
Bottom of the 9th over - 0 runs, 0 hits, 0 errors, 2 left on base; Elmira 5 - Waterbury 3
Monday, August 17th, 2020 - OOTP Baseball 21.5 Build 76